 Dungeon Crawl Stone Soup version 0.27-a0-1513-g2aaa0cc67b (webtiles) character file.

Game seed: 861140682113410863

6958 Demosthentine the Spear-Bearer (level 11, -1/89 HPs)
             Began as a Merfolk Gladiator on July 9, 2021.
             Was a Believer of the Shining One.
             Killed from afar by an electric eel (5 damage)
             ... with a bolt of electricity
             ... on level 9 of the Dungeon.
             The game lasted 00:12:13 (8539 turns).

Demosthentine the Spear-Bearer (Merfolk Gladiator)  Turns: 8539, Time: 00:12:13

Health: -1/89      AC: 14    Str: 17    XL:     11   Next: 7%
Magic:  0/13       EV: 24    Int:  7    God:    the Shining One [**....]
Gold:   412        SH:  7    Dex: 31    Spells: 10/10 levels left

rFire    . . .     SeeInvis .   a - +0 trident
rCold    . . .     Faith    .   k - +0 buckler
rNeg     + . .     Spirit   +   p - +1 leather armour of Luesti {Dex+8}
rPois    .         Reflect  .   c - +0 helmet
rElec    .         Harm     .   (no cloak)
rCorr    .         Rampage  .   m - +0 pair of gloves
Will     .....                  F - +2 pair of boots
Stlth    +.........             g - amulet of guardian spirit
HPRegen  0.24/turn              j - +4 ring of protection
MPRegen  0.13/turn              b - +6 ring of dexterity

@: glowing
A: (nimble swimmer 2), mertail
a: Renounce Religion, Divine Shield


You were on level 9 of the Dungeon.
You worshipped the Shining One.
The Shining One was pleased with you.
You visited 2 branches of the dungeon, and saw 10 of its levels.
You also visited: Sewer.

You collected 412 gold pieces.

Inventory:

Hand Weapons
 a - a +0 trident (weapon)
Armour
 c - a +0 helmet (worn)
 d - a +3 leather armour of poison resistance
 k - a +0 buckler (worn)
 m - a +0 pair of gloves (worn)
 p - the +1 leather armour of Luesti (worn) {Dex+8}
   (You found it on level 4 of the Dungeon)

   Dex:       It affects your dexterity (+8).
 F - a +2 pair of boots (worn)
Jewellery
 b - a +6 ring of dexterity (right hand)
 g - an amulet of guardian spirit (around neck)
 j - a +4 ring of protection (left hand)
 o - a ring of positive energy
 B - a ring of protection from fire
Wands
 q - a wand of paralysis (15)
 r - a wand of flame (29)
 y - a wand of polymorph (8)
 C - a wand of mindburst (11)
Scrolls
 i - 3 scrolls of teleportation
 n - 2 scrolls of fear
 v - 3 scrolls of magic mapping
 w - 4 scrolls of amnesia
Potions
 e - 3 potions of attraction
 l - 5 potions of curing
 s - a potion of lignification
 t - a potion of mutation
 u - a potion of resistance
 x - a potion of magic
 z - a potion of brilliance
 A - 2 potions of flight
 D - a potion of heal wounds


   Skills:
 + Level 9.1 Fighting
 + Level 12.1 Polearms
 - Level 2.0 Throwing
 - Level 5.2 Armour
 + Level 11.1 Dodging
 - Level 4.0 Shields
 + Level 3.9 Invocations


You had 10 spell levels left.
You didn't know any spells.
Your spell library contained the following spells:

 Spells                   Type           Power      Damage    Failure   Level
 Summon Small Mammal      Summ           0%         N/A       50%         1
 Sublimation of Blood     Necr           0%         N/A       63%         2
 Call Canine Familiar     Summ           0%         N/A       86%         3
 Conjure Flame            Conj/Fire      0%         6-21      86%         3
 Ignite Poison            Fire/Tmut/Pois 0%         N/A       86%         3
 Mephitic Cloud           Conj/Pois/Air  0%         N/A       86%         3
 Stone Arrow              Conj/Erth      0%         3d7       86%         3
 Summon Guardian Golem    Hex/Summ       0%         N/A       86%         3
 Iskenderun's Mystic Bla  Conj/Tloc      0%         2d3       99%         4
 Petrify                  Tmut/Erth      0%         N/A       99%         4
 Sticky Flame             Conj/Fire      0%         2d3       99%         4
 Bolt of Magma            Conj/Fire/Erth 0%         4d4       100%        5
 Fireball                 Conj/Fire      0%         3d3       100%        5
 Irradiate                Conj/Tmut      0%         3d13      100%        5
 Shatter                  Erth           0%         3d5*      100%        9


Dungeon Overview and Level Annotations

Branches:
Dungeon (9/15)             Temple (1/1) D:6           Sewer (visited)
   Lair: D:8-11         Orc: D:9-12

Altars:
Ashenzari
Cheibriados
Dithmenos
Elyvilon
Fedhas
Gozag
Hepliaklqana
Kikubaaqudgha
Makhleb
Nemelex Xobeh
Okawaru
Qazlal
Ru
Sif Muna
Trog
Uskayaw
Vehumet
Wu Jian
Xom
Yredelemnul
Zin
The Shining One

Shops:
D:5 =


Innate Abilities, Weirdness & Mutations

((You are quick and stealthy near water. (Stealth+, EV+, Speed+++)))
Your lower body shifts to a powerful aquatic tail in water.


Message History

The electric eel shoots out a bolt of lightning at you!
The bolt of electricity hits the electric eel.
The electric eel completely resists.
The bolt of electricity hits you.
The electric eel shoots out a bolt of lightning at you!
The bolt of electricity hits you.
The electric eel shoots out a bolt of lightning at you!
The bolt of electricity hits you!
Unknown command.
The electric eel shoots out a bolt of lightning at you!
The bolt of electricity hits the electric eel.
The electric eel completely resists.
The bolt of electricity hits you!
* * * LOW HITPOINT WARNING * * *
The electric eel shoots out a bolt of lightning at you!
The bolt of electricity misses you.
The electric eel shoots out a bolt of lightning at you!
The bolt of electricity misses you.
Unknown command.
The electric eel shoots out a bolt of lightning at you!
The bolt of electricity misses you.
The electric eel shoots out a bolt of lightning at you!
The bolt of electricity hits you.
* * * LOW HITPOINT WARNING * * *
The electric eel shoots out a bolt of lightning at you!
The bolt of electricity hits the electric eel.
The electric eel completely resists.
The bolt of electricity misses you.
The electric eel shoots out a bolt of lightning at you!
The bolt of electricity hits you.
* * * LOW HITPOINT WARNING * * *
The electric eel shoots out a bolt of lightning at you!
The bolt of electricity misses you.
Unknown command.
Unknown command.
Unknown command.
The electric eel shoots out a bolt of lightning at you!
The bolt of electricity hits you!
* * * LOW HITPOINT WARNING * * *
Unknown command.
The electric eel shoots out a bolt of lightning at you!
The bolt of electricity hits you.
You die...

................≈≈≈≈.≈;≈≈≈...
..............≈≈.;;≈.≈$≈≈≈≈..
...............≈T;≈≈.≈.≈≈....
..............≈≈..≈≈.≈.≈.....
............................#
.............................
.#...#.#...###...#..####.#.##
X###'######..#...#..### .# #
.#...)....##.#..@#..#.. .
##........##.#...#..#.#
.#.....x..##.#...#..#.# #
.#........##.#...#..#.##.#.
.#######x##......#.........
## ..X##.##..#..#.##.#.. .#
xx?X#......#.......... .#
#XX..#..##..##.#.#..#.. ####
######..##..##.#.......


You could see a troll and 3 electric eels.

Vanquished Creatures
  2 tengu warriors
  A wizard (D:9)
  A kobold demonologist (D:4)
  A hornet (D:9)
  3 large abominations (D:9)
  A wyvern (D:8)
  4 yaks (D:9)
  Menkaure (D:4)
  An ice beast (D:6)
  An orc warrior (D:8)
  A hornet zombie (D:4)
  2 black bears
  2 necrophages
  5 small abominations (D:9)
  3 centaurs
  An ogre (D:5)
  A phantom (D:5)
  3 bullfrogs
  A kobold brigand (D:8)
  2 wyvern zombies
  2 water moccasin skeletons (D:5)
  A howler monkey (D:5)
  3 centaur zombies
  A bullfrog zombie (D:5)
  2 jellies
  An orc priest (D:8)
  2 bullfrog skeletons
  3 hounds
  7 iguanas
  7 orc wizards (D:8)
  9 adders
  A shadow imp (D:5)
  A white imp (D:6)
  An adder skeleton (D:4)
  A worm (D:3)
  3 dart slugs
  28 orcs
  2 bats
  4 endoplasms
  6 giant cockroaches
  5 goblins
  A hobgoblin (D:2)
  3 jackals (D:1)
  7 kobolds
  5 quokkas
  10 ball pythons
  9 frilled lizards
  A jackal skeleton (D:4)
  10 rats
173 creatures vanquished.

Notes
Turn   | Place    | Note
-------+----------+-------------------------------------------
     0 | D:1      | Demosthentine the Merfolk Gladiator began the quest for the
                  | Orb.
     0 | D:1      | Reached XP level 1. HP: 16/16 MP: 1/1
   176 | D:1      | Reached XP level 2. HP: 21/23 MP: 2/2
  1039 | D:2      | Reached XP level 3. HP: 28/28 MP: 3/3
  1458 | D:2      | Found a faded altar of an unknown god.
  1534 | D:3      | Reached skill level 5 in Polearms
  1584 | D:3      | Reached skill level 1 in Armour
  1588 | D:3      | Reached skill level 1 in Shields
  1648 | D:3      | Reached XP level 4. HP: 21/34 MP: 4/4
  1995 | D:3      | Found a glowing drain.
  1999 | Sewer    | Entered a sewer
  2014 | Sewer    | Reached XP level 5. HP: 41/41 MP: 5/5
  2075 | Sewer    | Reached skill level 5 in Dodging
  2082 | Sewer    | Reached XP level 6. HP: 20/47 MP: 3/6
  2813 | D:4      | Found a bloodstained altar of Trog.
  2861 | D:4      | Reached skill level 6 in Polearms
  3093 | D:4      | Noticed a black bear
  3112 | D:4      | Killed a black bear
  3113 | D:4      | Reached XP level 7. HP: 41/54 MP: 7/7
  3132 | D:4      | Identified the +1 leather armour of Luesti {Dex+8}
  3382 | D:4      | Got Launotoasi's Reference Book on the Flamy Compass
  3401 | D:4      | Noticed Menkaure
  3419 | D:4      | Killed Menkaure
  3747 | D:5      | Entered Level 5 of the Dungeon
  3890 | D:5      | Reached skill level 7 in Polearms
  3978 | D:5      | Reached XP level 8. HP: 58/61 MP: 6/8
  4165 | D:5      | Reached skill level 5 in Fighting
  4230 | D:5      | Noticed a kobold demonologist
  4237 | D:5      | Noticed a red devil
  4238 | D:5      | Noticed an ice devil
  4240 | D:5      | Noticed a rust devil
  4302 | D:4      | Killed a kobold demonologist
  4303 | D:4      | Reached skill level 8 in Polearms
  4388 | D:5      | Found Mygeps's Jewellery Shop.
  4692 | D:6      | Found a hazy altar of Hepliaklqana.
  4766 | D:6      | Found a staircase to the Ecumenical Temple.
  4775 | Temple   | Entered the Ecumenical Temple
  4946 | Temple   | Became a worshipper of the Shining One
  5057 | D:6      | Reached XP level 9. HP: 69/69 MP: 9/9
  5213 | D:6      | Found an iron altar of Okawaru.
  5214 | D:6      | Found a basalt altar of Yredelemnul.
  5215 | D:6      | Found a blossoming altar of Fedhas.
  5225 | D:6      | Found a radiant altar of Vehumet.
  5315 | D:6      | Reached skill level 9 in Polearms
  5941 | D:7      | Identified the +0 leather armour of Virtue {Int+2 Dex-2
                  | SInv Stlth+}
  6553 | D:8      | Reached skill level 10 in Polearms
  6686 | D:8      | Reached * piety under the Shining One
  6688 | D:8      | Paralysed by an orc warrior for 4 turns
  6709 | D:8      | Paralysed by an orc warrior for 7 turns
  7100 | D:8      | Reached XP level 10. HP: 68/79 MP: 7/10
  7178 | D:8      | Noticed a tengu warrior
  7187 | D:8      | Noticed a tengu warrior
  7238 | D:7      | Killed a tengu warrior
  7239 | D:7      | Reached skill level 5 in Armour
  7401 | D:8      | Killed a tengu warrior
  7402 | D:8      | Reached skill level 11 in Polearms
  7402 | D:8      | Reached skill level 10 in Dodging
  7457 | D:9      | Reached skill level 1 in Invocations
  7517 | D:9      | Noticed a wizard
  7527 | D:9      | Killed a wizard
  7583 | D:9      | Noticed a large abomination
  7842 | D:9      | Killed a large abomination
  7843 | D:9      | Reached XP level 11. HP: 54/87 MP: 9/13
  8009 | D:9      | Paralysed by a hornet for 1 turns
  8013 | D:9      | Reached skill level 12 in Polearms
  8297 | D:9      | Reached ** piety under the Shining One
  8538 | D:9      | HP: 4/89 [electric eel/bolt of electricity (11)]
  8539 | D:9      | Killed from afar by an electric eel

Illustrated notes

Levels and vault maps discovered:
D:1:      enne_arrival_octagon_isle, layout_basic, eino_curves_04,
          chequers_arboretum
D:2:      layout_rooms, shapermc_ecumenical_altar_mp_urbaneastern
D:3:      layout_loops_cross, gup_sewer_entry_spiral
D:4:      layout_cave_pools, mainiacjoe_overflow_tiny_flanked, uniq_menkaure
D:5:      layout_rooms, serial_shops, nicolae_shop_stone, minmay_between
D:6:      layout_loops_cross, nicolae_overflow_quartered_altars,
          overflow_temple_1_default, temple_hall
D:7:      layout_rooms
D:8:      layout_cave_pools, minmay_tree_intersection
D:9:      layout_basic, erik_lair_island, laboratory
Temple:   eino_temple_rhombus

Skill      XL: |  1  2  3  4  5  6  7  8  9 10 11 |
---------------+----------------------------------+-----
Polearms       | 5 6 7 8 10 11 12 | 12.1
Armour         | 1 2 3 4 5 |  5.2
Shields        | 1 2 3 4 |  4.0
Fighting       | 3 4 5 7 8 9 |  9.1
Dodging        | 5 6 7 9 10 11 | 11.1
Invocations    | 3 |  3.9
Throwing       | |  2.0

Action                   |  1- 3 |  4- 6 |  7- 9 | 10-12 || total
-------------------------+-------+-------+-------+-------++-------
Melee: Trident           |   120 |   171 |   413 |   193 ||   897
       Tailslap          |       |     8 |       |       ||     8
Throw: Throwing net      |       |       |     3 |     2 ||     5
  Use: Scroll            |     6 |     3 |     7 |     4 ||    20
       Potion            |       |     2 |     1 |     3 ||     6
 Stab: Sleeping          |     4 |     2 |     2 |       ||     8
       Held in net/web   |       |       |     2 |       ||     2
       Distracted        |       |       |     1 |       ||     1
Armor: Leather armour    |    34 |    65 |    81 |    27 ||   207
Dodge: Dodged            |    63 |   119 |   244 |    92 ||   518
Block: Buckler           |       |       |    73 |    40 ||   113

Table legend: (Time is in decaauts)
 A = Elapsed time spent in this place.
 B = Non-inter-level travel time spent in this place.
 C = Inter-level travel time spent in this place.
 D = Time resting spent in this place.
 E = Time spent auto-exploring this place.
 F = Levels seen in this place.
 G = Mean time per level.
                   A        B        C        D        E       F      G
               +--------+--------+--------+--------+--------+-----+--------+
         Total |   8418 |   8136 |    282 |    382 |   5748 |  11 |  765.3 |
       Dungeon |   7824 |   7571 |    253 |    382 |   5327 |   9 |  869.3 |
        Temple |    187 |    158 |     29 |      0 |    141 |   1 |  187.0 |
         Sewer |    405 |    405 |      0 |      0 |    280 |   1 |  405.0 |
               +--------+--------+--------+--------+--------+-----+--------+

Top non-repeatable levels by time:
     D:9: 1070 daAuts
     D:4: 1038 daAuts
     D:6: 1036 daAuts
     D:8: 1011 daAuts
     D:1: 863 daAuts
     D:3: 821 daAuts
     D:5: 773 daAuts
     D:2: 657 daAuts
     D:7: 552 daAuts
   Sewer: 405 daAuts
  Temple: 187 daAuts
